 Dungeon Crawl Stone Soup version 0.31-a0-202-g547052bce9 (webtiles) character file.

Game seed: 5892309205895151315

121 qw the Skirmisher (level 4, -4/25 HPs)
             Began as a Deep Elf Hunter on June 26, 2023.
             Slain by Grinder (9 damage)
             ... on level 3 of the Dungeon.
             The game lasted 00:00:40 (1608 turns).

qw the Skirmisher (Deep Elf Hunter)                 Turns: 1608, Time: 00:00:40

Health: -4/25      AC:  5    Str: 10    XL:     4   Next: 77%
Magic:  6/6        EV: 12    Int: 14    God:
Gold:   86         SH:  0    Dex: 24    Spells: 3/3 levels left

rFire   . . .        Y - +0 shortbow
rCold   . . .        (shield currently unavailable)
rNeg    . . .        e - +0 ring mail
rPois   .            (no helmet)
rElec   .            (no cloak)
rCorr   .            (no gloves)
SInv    .            (no boots)
Will    +....        (no amulet)
Stlth   ++           g - +6 ring of dexterity
HPRegen 0.24/turn    b - ring of willpower
MPRegen 0.10/turn

%: no passive effects
@: no status effects
A: no striking features
a: no special abilities


You were on level 3 of the Dungeon.
You visited 1 branch of the dungeon, and saw 3 of its levels.

You collected 86 gold pieces.


   Skills:
 - Level 1.5 Fighting
 - Level 8.0 Ranged Weapons
 + Level 2.9 Dodging
 - Level 1.2 Stealth


You had 3 spell levels left.
You didn't know any spells.
Your spell library was empty.

Inventory:

Hand Weapons
 Y - a +0 shortbow (weapon)
Armour
 e - a +0 ring mail (worn)
 j - a +0 cloak
Jewellery
 b - a ring of willpower (right hand)
 g - a +6 ring of dexterity (left hand)
 l - a +6 ring of intelligence
Scrolls
 c - 2 scrolls of identify
 d - a scroll of poison {unknown}
 i - 2 scrolls of amnesia {unknown}
Potions
 a - a potion of enlightenment {unknown}
 f - 2 potions of invisibility {unknown}
 h - a potion of heal wounds {unknown}
 k - a potion of berserk rage {unknown}

Dungeon Overview and Level Annotations

Branches:
Dungeon (3/15)

Altars:
Cheibriados
Qazlal
Trog
Zin

Shops:
D:1 [

Annotations:
D:3 Grinder


Message History

Enter note:
Enter note:
Enter note:
Enter note:
Enter note:
Enter note:
Enter note:
Enter note:
Enter note: You shoot an arrow.
The arrow hits Grinder but does no damage.
You shoot an arrow.
The arrow hits Grinder but does no damage.
Grinder hits you.
You writhe in agony.
You shoot an arrow. The arrow hits Grinder.
Grinder is lightly wounded.
Grinder blinks!
You shoot an arrow. The arrow barely misses Grinder.
Grinder gestures at you. You resist with some effort.
You shoot an arrow.
The arrow hits Grinder but does no damage.
Grinder is lightly wounded.
You shoot an arrow. The arrow barely misses Grinder.
You shoot an arrow. The arrow barely misses Grinder.
Grinder blinks!
You shoot an arrow. The arrow hits Grinder!
Grinder is moderately wounded.
You shoot an arrow. The arrow hits Grinder.
Grinder is heavily wounded.
Grinder says, "Don't move a muscle."
Grinder gestures at you. Pain shoots through your body!
Ouch! That really hurt!
You shoot an arrow. The arrow hits Grinder!
Grinder is severely wounded.
Grinder says, "You look like you could use a good racking."
You shoot an arrow. The arrow closely misses Grinder.
Grinder hits you!
You die...

.# .# .# .#
.# .#
#########5#
#.......@.#
#.#########
#.# #.#
.....# #.#
.....# #.#
.....# #.#
.....# #.#
.....# #.#


You could see Grinder.

Vanquished Creatures
  Jessica (D:3)
  4 gnolls (D:2)
  2 worms
  A dart slug (D:1)
  An orc (D:3)
  6 bats
  4 endoplasms
  4 giant cockroaches
  4 goblins
  3 hobgoblins
  4 ball pythons
  2 frilled lizards
  4 kobolds
  7 rats
47 creatures vanquished.

Notes
Turn   | Place    | Note
-------+----------+-------------------------------------------
     0 | D:1      | qw the Deep Elf Hunter began the quest for the Orb.
     0 | D:1      | Reached XP level 1. HP: 12/12 MP: 3/3
     0 | D:1      | 0 ||| qw: Version: 0.3-a-22-g0ed2b0b
     0 | D:1      | 0 ||| qw: Game counter: 6323
     0 | D:1      | 0 ||| qw: Melee chars always use a shield: true
     0 | D:1      | 0 ||| qw: God list: Okawaru
     0 | D:1      | 0 ||| qw: Allow faded altars: false
     0 | D:1      | 0 ||| qw: Do Orc after clearing Dungeon:15 true
     0 | D:1      | 0 ||| qw: Do second Lair branch before Depths: true
     0 | D:1      | 0 ||| qw: Lair rune preference: random
     0 | D:1      | 0 ||| qw: Goals: Normal
     0 | D:1      | 0 ||| PLANNING D:1-11
    22 | D:1      | Found Ditoquc's Antique Armour Shop.
    32 | D:1      | 32 ||| SHOPLISTING embroidered cloak (187 gold, have 0).
    32 | D:1      | 32 ||| SHOPLISTING helmet (112 gold, have 0).
    32 | D:1      | 32 ||| SHOPLISTING ring mail (100 gold, have 0).
    32 | D:1      | 32 ||| SHOPLISTING translucent cloak (237 gold, have 0).
   153 | D:1      | Reached XP level 2. HP: 16/16 MP: 4/4
   168 | D:1      | Reached skill level 6 in Ranged Weapons
   231 | D:1      | You fall into a shaft and drop 1 floor!
   240 | D:2      | 240 ||| UPGRADING to +0 ring mail.
   250 | D:2      | 250 ||| DROPPING +0 leather armour.
   251 | D:2      | 251 ||| UPGRADING to +6 ring of dexterity.
   252 | D:2      | 252 ||| READING scroll labelled EXEPEH QULA.
   253 | D:2      | 253 ||| READING scroll labelled IQE PIFROCOPIFO.
   254 | D:2      | 254 ||| DRINKING 2 viscous cyan potions.
   264 | D:2      | 264 ||| DROPPING scroll of butterflies.
   265 | D:2      | 265 ||| DROPPING potion of ambrosia.
   453 | D:2      | Reached XP level 3. HP: 20/20 MP: 5/5
   461 | D:2      | Reached skill level 7 in Ranged Weapons
   463 | D:2      | 463 ||| UPGRADING to ring of willpower.
   464 | D:2      | 464 ||| READING scroll labelled HUSTE CEAFI.
   708 | D:2      | Reached XP level 4. HP: 25/25 MP: 6/6
   799 | D:2      | Found a faded altar of an unknown god.
   955 | D:2      | 955 ||| READING scroll labelled AFFOYTHRASEK.
   974 | D:3      | Noticed Jessica
   976 | D:3      | Killed Jessica
   977 | D:3      | Reached skill level 8 in Ranged Weapons
  1153 | D:3      | Found a bloodstained altar of Trog.
  1154 | D:3      | Found a snail-covered altar of Cheibriados.
  1157 | D:3      | Found a stormy altar of Qazlal.
  1159 | D:3      | Found a glowing silver altar of Zin.
  1597 | D:3      | Noticed Grinder
  1606 | D:3      | HP: 4/25 [Grinder/nerve-wracking pain (13)]
  1608 | D:3      | Slain by Grinder

Levels and vault maps discovered:
D:1:      minmay_arrival_glassed_features, layout_rooms, serial_shops,
          nicolae_shop_tiny_waterfront
D:2:      layout_basic, hellmonk_ecumenical_altar_pennies_from_heaven,
          chequers_serial_rivers_micro_d, chequers_big_river
D:3:      layout_basic, chequers_temple_overflow_statue_of_worship,
          uniq_grinder, uniq_jessica

Skill      XL: |  1  2  3  4 |
---------------+-------------+-----
Ranged Weapons | 6 7 8 |  8.0
Fighting       | |  1.5
Dodging        | |  2.9
Stealth        | |  1.2

Action                     |  1- 3 |  4- 6 || total
---------------------------+-------+-------++-------
   Fire: Shortbow          |    77 |    45 ||   122
    Use: Scroll            |     3 |     1 ||     4
         Potion            |     1 |       ||     1
 Armour: Leather armour    |     1 |       ||     1
         Ring mail         |     2 |     8 ||    10
  Dodge: Dodged            |     5 |    12 ||    17

Table legend:
 A = Non-vault XP
 B = Vault XP
 C = Vault XP percentage of total XP
 D = Non-vault monster count
 E = Vault monster count
 F = Vault count percentage of total count
                 A         B        C        D         E       F
            +---------+---------+-------+---------+---------+-------
      Total |     137 |      37 |  21.3 |      46 |       1 |   2.1
            +---------+---------+-------+---------+---------+-------
        D:1 |      31 |       0 |   0.0 |      17 |       0 |   0.0
        D:2 |      82 |       0 |   0.0 |      17 |       0 |   0.0
        D:3 |      24 |      37 |  60.7 |      12 |       1 |   7.7
            +---------+---------+-------+---------+---------+-------
